 Dungeon Crawl Stone Soup version 0.28.0 (webtiles) character file.

Game seed: 7397023630503224308

3647 bande the Cleaver (level 10, -4/61 HPs)
             Began as a Gargoyle Fighter on Feb 18, 2022.
             Slain by Harold (17 damage)
             ... on level 6 of the Dungeon.
             The game lasted 00:16:05 (8437 turns).

bande the Cleaver (Gargoyle Fighter)                Turns: 8437, Time: 00:16:05

Health: -4/61      AC: 27    Str: 21    XL:     10   Next: 12%
Magic:  10/10      EV:  6    Int:  8    God:
Gold:   440        SH:  5    Dex: 13    Spells: 9/9 levels left

rFire   . . .      SeeInvis .   a - +1 war axe (freeze)
rCold   . . .      Faith    .   c - +0 buckler
rNeg    + + .      Spirit   .   E - +0 plate armour
rPois   ∞          Reflect  .   n - +0 helmet
rElec   +          Harm     .   e - +0 cloak
rCorr   .          Rampage  .   i - +2 pair of gloves
Will    .....                   C - +0 pair of boots
Stlth   ..........              b - amulet of regeneration
HPRegen 1.00/turn               o - ring of positive energy
MPRegen 0.12/turn               (no ring)

@: marked
A: sickness immunity, AC +7, negative energy resistance 1, electricity
resistance, torment resistance 1, petrification resistance
a: no special abilities


You were on level 6 of the Dungeon.
You visited 2 branches of the dungeon, and saw 8 of its levels.
You also visited: Sewer.

You collected 440 gold pieces.

Inventory:

Hand Weapons
 a - a +1 war axe of freezing (weapon)
 s - a +0 flail
Armour
 c - a +0 buckler (worn)
 e - a +0 cloak (worn)
 i - a +2 pair of gloves (worn)
 n - a +0 helmet (worn)
 C - a +0 pair of boots (worn)
 E - a +0 plate armour (worn)
Jewellery
 b - an amulet of regeneration (around neck)
 o - a ring of positive energy (left hand)
 B - a ring of ice
 D - a ring of see invisible
Wands
 q - a wand of flame (50)
 x - a wand of iceblast (8)
Scrolls
 k - 2 scrolls of teleportation
 w - a scroll of enchant weapon
 y - a scroll of magic mapping
 z - a scroll of identify
Potions
 d - 2 potions of ambrosia
 f - a potion of flight {unknown}
 g - a potion of haste {unknown}
 h - 8 potions of curing
 j - a potion of might
 l - a potion of cancellation {unknown}
 m - a potion of degeneration {unknown}
 p - a potion of brilliance
 t - 2 potions of heal wounds {unknown}
 u - 3 potions of mutation {unknown}
 v - a potion of lignification {unknown}
 A - 2 potions of attraction {unknown}


   Skills:
 + Level 6.9 Fighting
 + Level 9.6 Axes
 + Level 7.3 Armour
 + Level 5.0 Shields
 * Level 3.6 Evocations


You had 9 spell levels left.
You didn't know any spells.
Your spell library was empty.

Dungeon Overview and Level Annotations

Branches:
Dungeon (7/15)             Temple (1/1) D:7           Sewer (visited)

Altars:
Cheibriados
Dithmenos
Elyvilon
Fedhas
Gozag
Hepliaklqana
Kikubaaqudgha
Makhleb
Nemelex Xobeh
Qazlal
Ru
Sif Muna
Trog
Uskayaw
Vehumet
Wu Jian
Yredelemnul
Zin
The Shining One
Ignis

Shops:
D:1 (   D:3 :   D:6 *

Annotations:
D:6 Harold


Innate Abilities, Weirdness & Mutations

You are immune to sickness and miasma.
Your stone body is resilient. (AC +7)
You are immune to poison.
You resist negative energy. (rN+)
You are resistant to electric shocks. (rElec)
You are resistant to unholy torment.
You are immune to petrification.


Message History

You hit Harold but do no damage.
Harold is lightly wounded.
Harold hits you but does no damage.
Harold hits you with a +4 scimitar of protection!!
You hit Harold but do no damage.
Harold is lightly wounded.
Harold casts a spell at you. The mark upon you grows brighter.
You hit Harold. You freeze Harold.
Harold is lightly wounded.
Harold closely misses you.
You closely miss Harold.
Harold is lightly wounded.
Harold barely misses you.
You hit Harold. You freeze Harold.
Harold is moderately wounded.
Harold hits you with a +4 scimitar of protection!
You hit Harold. You freeze Harold.
Harold is moderately wounded.
Harold hits you with a +4 scimitar of protection.
You hit Harold but do no damage.
Harold is moderately wounded.
Harold hits you but does no damage.
You slash Harold! You freeze Harold.
Harold is heavily wounded.
Harold hits you with a +4 scimitar of protection!
You slash Harold! You freeze Harold.
Harold is severely wounded.
Harold hits you with a +4 scimitar of protection.
You hit Harold. You freeze Harold.
Harold is severely wounded.
Harold hits you with a +4 scimitar of protection!
* * * LOW HITPOINT WARNING * * *
You hit Harold. You freeze Harold.
Harold is almost dead.
Harold hits you but does no damage.
You barely miss Harold.
Harold is severely wounded.
Harold hits you with a +4 scimitar of protection!
You die...

.#
###..##......####..##
.#
#..#######........#
.#
#........######.###
.# ##.#####.# #.# .#
#####.## #.# #.# .#
#......# #.### #<#
.###......# #...# #.#
..........# ###[# #.#
..........# #@####.#
....####### #.@....#
##### ########


You could see Harold.

Vanquished Creatures
  Grinder (D:3)
  A wraith (D:6)
  Eustachio (D:4)
  2 water moccasins
  An acid dragon (D:5)
  2 orc warriors
  A sky beast (D:6)
  3 black bears
  An ogre (D:5)
  2 necrophages
  A phantom (D:5)
  9 kobold brigands (Sewer)
  Blork the orc (D:4)
  A bullfrog (D:6)
  A water moccasin zombie (D:6)
  2 scorpions
  A water moccasin skeleton (D:6)
  A bullfrog zombie (D:6)
  2 bullfrog skeletons
  3 hounds
  A jelly (D:5)
  Crazy Yiuf (D:2)
  2 orc priests
  An iguana (D:5)
  Jessica (D:3)
  Natasha (thrice) (D:4)
  3 orc wizards
  A killer bee zombie (D:7)
  3 hound skeletons (D:4)
  Robin (D:3)
  7 adders
  2 howler monkey skeletons
  3 river rats (Sewer)
  A white imp (D:7)
  2 ufetubi
  6 worms
  3 dart slugs
  14 orcs
  7 ball pythons
  9 endoplasms
  6 giant cockroaches
  17 goblins
  6 hobgoblins
  7 jackals
  8 quokkas
  6 bats
  5 frilled lizards
  13 kobolds
  A quokka skeleton (D:4)
  6 rats
183 creatures vanquished.

Vanquished Creatures (collateral kills)
  A steam dragon (D:6)
1 creature vanquished.

Vanquished Creatures (others)
  An orc (D:4)
  A hobgoblin (D:3)
  A quokka (D:2)
  A plant (D:1)
4 creatures vanquished.

Grand Total: 188 creatures vanquished

Notes
Turn   | Place    | Note
-------+----------+-------------------------------------------
     0 | D:1      | bande the Gargoyle Fighter began the quest for the Orb.
     0 | D:1      | Reached XP level 1. HP: 14/14 MP: 1/1
   420 | D:1      | Reached XP level 2. HP: 19/19 MP: 2/2
   676 | D:1      | Reached skill level 2 in Axes
   744 | D:1      | Found a faded altar of an unknown god.
   908 | D:1      | Found Noklamaa's Antique Weapon Shop.
   935 | D:1      | Reached XP level 3. HP: 11/23 MP: 3/3
  1679 | D:2      | Found a runed translucent door.
  1680 | D:2      | Noticed Crazy Yiuf
  1898 | D:2      | Reached XP level 4. HP: 28/28 MP: 4/4
  2375 | D:2      | Killed Crazy Yiuf
  2376 | D:2      | Reached skill level 3 in Axes
  2585 | D:3      | Found a glowing drain.
  2592 | D:3      | Noticed a black bear
  2599 | D:3      | Killed a black bear
  2600 | D:3      | Reached XP level 5. HP: 10/33 MP: 5/5
  2637 | Sewer    | Entered a sewer
  3075 | Sewer    | Noticed a kobold brigand
  3083 | Sewer    | Killed a kobold brigand
  3084 | Sewer    | Reached skill level 4 in Axes
  3084 | Sewer    | Reached XP level 6. HP: 34/38 MP: 6/6
  3374 | Sewer    | Reached skill level 5 in Armour
  3384 | Sewer    | Reached XP level 7. HP: 28/43 MP: 7/7
  3516 | Sewer    | Reached skill level 5 in Axes
  4050 | Sewer    | Reached skill level 6 in Axes
  4252 | Sewer    | Reached XP level 8. HP: 40/48 MP: 8/8
  4357 | D:3      | Found a burning altar of Makhleb.
  4407 | D:3      | Noticed Grinder
  4408 | D:3      | Found a radiant altar of Vehumet.
  4410 | D:3      | Noticed Robin
  4412 | D:3      | Noticed Jessica
  4421 | D:3      | Killed Jessica
  4428 | D:3      | Killed Robin
  4432 | D:3      | Killed Grinder
  4433 | D:3      | Reached skill level 5 in Fighting
  4836 | D:3      | Reached skill level 7 in Axes
  4899 | D:3      | Found Unimos's Book Boutique.
  5018 | D:3      | Found a snail-covered altar of Cheibriados.
  5266 | D:4      | Noticed Eustachio
  5279 | D:4      | Killed Eustachio
  5784 | D:4      | Reached skill level 1 in Evocations
  5784 | D:4      | Reached XP level 9. HP: 49/55 MP: 9/9
  5929 | D:4      | Noticed Natasha
  5932 | D:4      | Noticed Blork the orc
  5939 | D:4      | Killed Natasha
  5941 | D:4      | Killed Blork the orc
  6039 | D:4      | Reached skill level 8 in Axes
  6286 | D:4      | Noticed Natasha
  6293 | D:4      | Killed Natasha
  6359 | D:4      | Noticed Natasha
  6364 | D:4      | Killed Natasha
  6417 | D:5      | Entered Level 5 of the Dungeon
  6712 | D:5      | Found a bloodstained altar of Trog.
  6715 | D:5      | Found an opulent altar of Gozag.
  6718 | D:5      | Found a glowing silver altar of Zin.
  6721 | D:5      | Found a basalt altar of Yredelemnul.
  7670 | D:6      | Found Cautyjia's General Store.
  7703 | D:6      | Reached skill level 9 in Axes
  7997 | D:6      | Reached XP level 10. HP: 61/61 MP: 10/10
  8152 | D:7      | Found a staircase to the Ecumenical Temple.
  8164 | Temple   | Entered the Ecumenical Temple
  8360 | D:7      | Noticed Harold
  8387 | D:6      | Reached skill level 5 in Shields
  8437 | D:6      | Slain by Harold

Illustrated notes

Levels and vault maps discovered:
D:1:      mainiacjoe_arrival_reflecting_pool, layout_loops_ring, serial_shops,
          nicolae_shop_overgrown_old_shop, hellmonk_ecumenical_altar_blasted
D:2:      layout_loops_ring, uniq_crazy_yiuf_cottage
D:3:      layout_loops_cross, nicolae_vehumet_altar_sigil,
          mainiacjoe_overflow_six_doors_small, bloody_makhleb, serial_shops,
          nicolae_square_shop, gup_sewer_entry_glass, uniq_robin, uniq_grinder,
          uniq_jessica
D:4:      layout_gridville, uniq_natasha, uniq_blork_the_orc, uniq_eustachio
D:5:      layout_basic, grunt_temple_overflow_cloverleaf, serial_rivers,
          chequers_serial_rivers_room_a, chequers_serial_rivers_room_a,
          chequers_serial_rivers_large_b, chequers_serial_rivers_micro_c,
          chequers_serial_rivers_small_b, chequers_serial_rivers_small_3
D:6:      layout_rooms, serial_shops, shop
D:7:      layout_loops_ring, minmay_temple_entry_waves, nrook_loot_triangle,
          uniq_harold
Temple:   pdpol_scorched_temple

Skill      XL: |  1  2  3  4  5  6  7  8  9 10 |
---------------+-------------------------------+-----
Axes           | 2 3 4 6 7 9 |  9.6
Armour         | 4 5 6 7 |  7.3
Fighting       | 4 5 6 |  6.9
Shields        | 4 5 |  5.0
Evocations     | 1 3 |  3.6

Action                   |  1- 3 |  4- 6 |  7- 9 | 10-12 || total
-------------------------+-------+-------+-------+-------++-------
Melee: War axe           |   120 |    90 |   326 |    56 ||   592
  Use: Scroll            |     2 |     4 |     8 |       ||    14
       Potion            |       |       |     1 |       ||     1
Armor: Scale mail        |    76 |    40 |    94 |       ||   210
       Chain mail        |       |       |   118 |    21 ||   139
       Plate armour      |       |       |       |     5 ||     5
Dodge: Dodged            |    67 |    41 |   134 |    15 ||   257
Block: Buckler           |    27 |    15 |    77 |     7 ||   126
